 Dungeon Crawl Stone Soup version 0.18.1-50-g88ac8fd (webtiles) character file.

10766 Gargoyl the Protected (level 11, 0/84 HPs)
             Began as a Demonspawn Abyssal Knight on Oct 26, 2016.
             Was the Champion of Lugonu.
             Slain by Grum
             ... wielding a -1 halberd
              (18 damage)
             ... on level 9 of the Dungeon.
             The game lasted 00:20:20 (9792 turns).

Gargoyl the Protected (Demonspawn Abyssal Knight)   Turns: 9792, Time: 00:20:20

Health: 0/84       AC: 20    Str: 16      XL:     11   Next: 40%
Magic:  27/27      EV:  7    Int: 14 (15) God:    Lugonu [******]
Gold:   326        SH:  0    Dex: 14 (15) Spells: 0 memorised, 10 levels left

rFire  . . .     SeeInvis .     w - +2 hand axe (freeze)
rCold  + . .     Gourm    .     e - +0 plate armour
rNeg   . . .     Faith    .     (no shield)
rPois  .         Spirit   .     m - +1 hat {MR+}
rElec  .         Dismiss  .     (no cloak)
rCorr  .         Reflect  .     j - +0 pair of gloves
SustAt .         Harm     .     (no boots)
MR     +....     Clarity  +     (no amulet)
Stlth  ..........               E - ring of magical power
                                l - +2 ring of dexterity

@: somewhat resistant to hostile enchantments, extremely unstealthy
A: thin metallic scales 2, clarity, clever 1, cold resistance 1, demonic
guardian 1, screaming 1, spiny 1
a: Depart the Abyss, Bend Space, Banish, Corrupt, Enter the Abyss, Brand Weapon
With Distortion, Renounce Religion


You were on level 9 of the Dungeon.
You worshipped Lugonu.
Lugonu was exalted by your worship.
You were not hungry.

You visited 1 branch of the dungeon, and saw 9 of its levels.
You visited the Abyss 1 time.

You collected 656 gold pieces.
You spent 330 gold pieces at shops.

Inventory:

Hand Weapons
 a - a +1 hand axe
 w - a +2 hand axe of freezing (weapon)
Missiles
 D - 6 tomahawks (quivered)
Armour
 e - a +0 plate armour (worn)
 i - a +0 helmet
 j - a +0 pair of gloves (worn)
 m - a +1 hat of magic resistance (worn)
Jewellery
 l - a +2 ring of dexterity (left hand)
 E - a ring of magical power (right hand)
Wands
 d - a wand of iceblast (5/15)
 r - a wand of teleportation (5/9)
 v - a wand of flame (33/48)
 y - a wand of iceblast (8/15)
 z - a wand of flame (32/48)
Scrolls
 b - 7 scrolls of identify
 h - a scroll of fear
 o - 3 scrolls of amnesia
 q - 3 scrolls of remove curse
 s - 4 scrolls of teleportation
 B - a scroll of blinking
 C - a scroll of enchant weapon
Potions
 g - 2 potions of invisibility
 n - a potion of flight
 x - a potion of magic
Comestibles
 c - 9 bread rations
 f - 4 meat rations
 k - 3 fruits
 p - 11 chunks of flesh
 u - 2 slices of pizza


   Skills:
 + Level 7.4 Fighting
 + Level 7.1 Axes
 * Level 11.5 Armour
 + Level 3.8 Dodging
 * Level 9.7 Invocations
 + Level 0.6 Evocations


You had 10 spell levels left.
You didn't know any spells.

Dungeon Overview and Level Annotations

Branches:
Dungeon (9/15)             Temple (0/1) D:5
   Lair: D:8-11         Orc: D:9-12

Altars:
Ashenzari
Dithmenos
Elyvilon
Fedhas
Okawaru
Pakellas
Sif Muna
Trog
Yredelemnul

Shops:
D:5 ?

Annotations:
D:9 Grum


Innate Abilities, Weirdness & Mutations

You are mostly covered in thin metallic scales (AC +3).
A weak demonic guardian rushes to your aid.
You are partially covered in sharp spines.
You possess an exceptional clarity of mind.
Your mind is acute. (Int +2)
Your flesh is cold resistant.
You occasionally shout uncontrollably at your foes.


Message History

Your quasit barely misses Grum.
Grum hits your quasit with a halberd!!
Your quasit dies!
Grum hits your iron imp with a halberd!
Your iron imp barely misses Grum.
Grum hits your iron imp with a halberd!
Your iron imp dies!
Grum hits you from afar with a halberd! Grum completely misses you.
You completely miss Grum.
Grum is moderately wounded.
Grum is struck by your spines. Grum closely misses you.
You hit Grum. You freeze Grum.
Grum is heavily wounded.
Grum hits you with a halberd!
* * * LOW HITPOINT WARNING * * *
You hit Grum. You freeze Grum.
Grum is heavily wounded.
You hit Grum. You freeze Grum.
Grum is severely wounded.
Grum hits you with a halberd!!
You die...

......#####.###...#
.####...........#.#
#.# #.#####.###...#
##.##.# #.# ##.##
#.#.# #.# #)# ##.#
#.# #)# # #.# #.#
#)# .# #.# #.# #5#
## #.# #. #@# # #g#
.... #h# #### #.#
#.# #.# #.. #.. .#.


You could see Grum, a wolf and a friendly quasit.

Vanquished Creatures
  Pikel (D:3)
  Maurice (D:8)
  Psyche (D:8)
  2 trolls
  A shadow (D:8)
  A spriggan (D:7)
  Sigmund (D:5)
  A hippogriff (D:8)
  2 hungry ghosts
  13 wargs (D:8)
  10 orc warriors
  3 black bears
  2 ice beasts (D:8)
  4 sky beasts
  A phantom (D:6)
  4 ogres
  2 centaurs
  6 giant frogs
  A big kobold (D:8)
  A water moccasin zombie (D:5)
  4 scorpions
  5 killer bees (D:8)
  3 howler monkeys
  6 crimson imps
  A centaur zombie (D:8)
  7 orc priests
  3 giant frog zombies
  6 orc wizards
  3 hounds
  A centaur skeleton (D:5)
  A giant frog skeleton (D:4)
  3 iguanas
  4 worker ants
  A killer bee zombie (D:9)
  A worker ant zombie (D:6)
  12 adders
  4 shadow imps
  7 worms
  2 dart slugs (D:4)
  5 giant geckos
  55 orcs
  4 giant cockroaches
  6 goblins
  13 hobgoblins
  7 jackals
  2 quokkas
  A ball python (D:1)
  7 bats
  A giant newt (D:1)
  A jackal skeleton (D:7)
  13 kobolds
  A quokka skeleton (D:5)
  A quokka zombie (D:8)
  6 rats
255 creatures vanquished.

Vanquished Creatures (collateral kills)
  Gastronok (D:8)
  The ghost of Dioneo the Cutter, a novice HaAs (D:4)
  A steam dragon (D:6)
  4 wargs (D:8)
  An ogre (D:7)
  A howler monkey (D:7)
  An orc priest (D:8)
  An orc wizard (D:8)
  7 orcs
18 creatures vanquished.

Vanquished Creatures (others)
  A slave (D:4)
  A worker ant (D:4)
  An orc (D:8)
  A kobold (D:2)
4 creatures vanquished.

Grand Total: 277 creatures vanquished

Notes
Turn   | Place    | Note
--------------------------------------------------------------
     0 | Abyss:1  | Gargoyl the Demonspawn Abyssal Knight began the quest for the Orb.
     0 | Abyss:1  | Reached XP level 1. HP: 18/18 MP: 2/2
    51 | Abyss:2  | Noticed an iron imp
    61 | Abyss:2  | Noticed a flying skull
    62 | Abyss:2  | Noticed a flying skull
    65 | Abyss:2  | Noticed a flying skull
    76 | Abyss:2  | Noticed a flying skull
    77 | Abyss:2  | Noticed a flying skull
    84 | D:1      | Escaped the Abyss
   220 | D:1      | Reached * piety under Lugonu
   358 | D:1      | Gained mutation: You are partially covered in sharp spines. [demonic ancestry]
   358 | D:1      | Reached XP level 2. HP: 24/24 MP: 4/4
   431 | D:1      | Reached skill level 2 in Armour
  1019 | D:2      | Reached skill level 1 in Dodging
  1019 | D:2      | Reached XP level 3. HP: 29/29 MP: 5/5
  1460 | D:2      | Found a white marble altar of Elyvilon.
  1529 | D:2      | Reached ** piety under Lugonu
  1941 | D:3      | Gained mutation: You are partially covered in thin metallic scales (AC +2). [demonic ancestry]
  1941 | D:3      | Reached XP level 4. HP: 21/37 MP: 6/6
  2130 | D:3      | Found a white marble altar of Elyvilon.
  2240 | D:3      | Found an iron altar of Okawaru.
  2275 | D:3      | Reached skill level 3 in Armour
  2577 | D:4      | Reached XP level 5. HP: 42/42 MP: 7/7
  2584 | D:4      | Reached *** piety under Lugonu
  2726 | D:4      | Reached skill level 4 in Armour
  2737 | D:4      | Gained mutation: You are mostly covered in thin metallic scales (AC +3). [demonic ancestry]
  2737 | D:4      | Reached XP level 6. HP: 27/48 MP: 7/9
  2801 | D:4      | Noticed Pikel
  2802 | D:4      | Noticed a slave
  2804 | D:4      | Noticed a slave
  2804 | D:4      | Noticed a slave
  2825 | D:4      | Noticed a slave
  2840 | D:3      | Killed Pikel
  2840 | D:3      | Reached skill level 5 in Armour
  2840 | D:3      | Gained mutation: A weak demonic guardian rushes to your aid. [demonic ancestry]
  2840 | D:3      | Reached XP level 7. HP: 47/54 MP: 10/10
  2905 | D:4      | Noticed Dioneo's ghost (novice HaAs)
  2916 | D:4      | Killed Dioneo's ghost
  2916 | D:4      | Reached skill level 6 in Armour
  2916 | D:4      | Reached skill level 5 in Invocations
  2939 | D:4      | Found a bloodstained altar of Trog.
  2988 | D:4      | Found a blossoming altar of Fedhas.
  3038 | D:4      | Found an oddly glowing altar of Pakellas.
  3038 | D:4      | Noticed a rakshasa
  3063 | D:4      | Reached XP level 8. HP: 61/61 MP: 11/11
  3220 | D:4      | Found a shadowy altar of Dithmenos.
  3368 | D:5      | Entered Level 5 of the Dungeon
  3415 | D:5      | Found a deep blue altar of Sif Muna.
  3615 | D:5      | Found a staircase to the Ecumenical Temple.
  3769 | D:5      | Noticed Sigmund
  3789 | D:5      | Killed Sigmund
  3789 | D:5      | Reached skill level 7 in Armour
  3912 | D:5      | Found Zafir Ipn's Magic Scroll Boutique.
  3915 | D:5      | Bought a scroll of teleportation for 36 gold pieces
  3915 | D:5      | Bought a scroll of blinking for 90 gold pieces
  3915 | D:5      | Bought a scroll of teleportation for 36 gold pieces
  3915 | D:5      | Bought a scroll of teleportation for 36 gold pieces
  3915 | D:5      | Bought a scroll of enchant weapon for 90 gold pieces
  3915 | D:5      | Bought a scroll of fear for 42 gold pieces
  4128 | D:6      | Reached **** piety under Lugonu
  4175 | D:6      | Reached skill level 5 in Axes
  4204 | D:6      | Reached skill level 5 in Fighting
  4297 | D:6      | Reached XP level 9. HP: 68/68 MP: 13/13
  4437 | D:6      | Reached skill level 8 in Armour
  5054 | D:7      | Found a shattered altar of Ashenzari.
  5134 | D:7      | Found a basalt altar of Yredelemnul.
  5412 | D:7      | Gained mutation: You possess an exceptional clarity of mind. [mutagenic meat]
  5413 | D:7      | Gained mutation: You occasionally shout uncontrollably at your foes. [mutagenic meat]
  5415 | D:7      | Gained mutation: Your flesh is cold resistant. [mutagenic meat]
  5416 | D:7      | Gained mutation: Your mind is acute. (Int +2) [mutagenic meat]
  5513 | D:7      | Reached skill level 9 in Armour
  5700 | D:8      | Noticed a troll
  5710 | D:8      | Killed a troll
  6030 | D:8      | Reached XP level 10. HP: 54/76 MP: 15/15
  6209 | D:8      | Noticed Maurice
  6249 | D:8      | Reached ***** piety under Lugonu
  6263 | D:8      | Killed Maurice
  6675 | D:8      | Reached skill level 10 in Armour
  7149 | D:8      | Got a shimmering halberd
  7150 | D:8      | Identified the cursed +0 halberd "Lyzegoar" {chop, MP+9} (You found it on level 8 of the Dungeon)
  8149 | D:8      | Reached XP level 11. HP: 33/84 MP: 17/17
  8910 | D:8      | Noticed Psyche
  8927 | D:8      | Killed Psyche
  8927 | D:8      | Reached skill level 11 in Armour
  9109 | D:9      | Reached ****** piety under Lugonu
  9110 | D:9      | Noticed Gastronok
  9370 | D:8      | Killed Gastronok
  9765 | D:9      | Noticed Grum
  9792 | D:9      | Slain by Grum

Skill      XL: |  1  2  3  4  5  6  7  8  9 10 11 |
---------------+----------------------------------+-----
Armour         | 2 3 4 5 6 7 9 10 11 | 11.5
Axes           | 2 3 4 5 6 7 |  7.1
Dodging        | 1 3 |  3.8
Invocations    | 3 4 5 6 7 9 |  9.7
Fighting       | 4 5 7 |  7.4
Evocations     | |  0.6

Action                   |  1- 3 |  4- 6 |  7- 9 | 10-12 || total
-------------------------+-------+-------+-------+-------++-------
Melee: Hand axe          |    70 |    75 |   237 |   357 ||   739
       Unarmed           |       |       |       |    16 ||    16
Invok: Depart the Abyss  |     1 |       |       |       ||     1
Evoke: Wand              |       |       |     2 |       ||     2
  Use: Scroll            |     5 |       |     7 |     4 ||    16
       Potion            |       |     3 |     1 |     6 ||    10
 Stab: Distracted        |       |       |     1 |     2 ||     3
  Eat: Chunk             |     3 |     3 |    15 |     7 ||    28
       Meat ration       |       |       |     1 |       ||     1
       Bread ration      |       |       |       |     1 ||     1
Armor: Plate armour      |    45 |    62 |   228 |   227 ||   562
       Skin              |       |       |       |    19 ||    19
Dodge: Dodged            |    17 |    16 |    73 |   185 ||   291
